 Dungeon Crawl Stone Soup version 0.27.0-1-g7a089689b8 (webtiles) character file.

Game seed: 436028876640260362

7 Descartes the Ducker (level 1, 0/9 HPs)
             Began as a Felid Wanderer on Aug 1, 2021.
             Slain by a bat (1 damage)
             ... on level 1 of the Dungeon.
             The game lasted 00:00:49 (360 turns).

Descartes the Ducker (Felid Wanderer)                Turns: 360, Time: 00:00:50

Health: 0/9        AC:  1    Str:  5    XL:     1   Next: 91%
Magic:  2/2        EV: 17    Int: 16    God:
Gold:   24         SH:  0    Dex: 15    Spells: 0/0 levels left
                                        Lives:  0   Deaths: 0

rFire    . . .     SeeInvis +   (weapon unavailable)
rCold    . . .     Faith    .   (shield unavailable)
rNeg     . . .     Spirit   .   (armour unavailable)
rPois    .         Reflect  .   (helmet unavailable)
rElec    .         Harm     .   (cloak unavailable)
rCorr    .         Rampage  .   (gloves unavailable)
Will     .....                  (boots unavailable)
Stlth    ++........             (no amulet)
HPRegen  0.03/turn              b - ring of flight
MPRegen  0.08/turn              (no ring)

@: flying, quick
A: very small, claws 1, fangs 3, see invisible, speed 1, shaggy fur 1, stealthy
paws, no weapons or thrown items, no armour, multi-lived
a: no special abilities


You were on level 1 of the Dungeon.
You visited 1 branch of the dungeon, and saw 1 of its levels.

You collected 24 gold pieces.

Inventory:

Jewellery
 b - a ring of flight (left paw)
Scrolls
 a - a scroll of teleportation
Potions
 c - 2 potions of magic {unknown}


   Skills:
 - Level 1.0 Fighting
 + Level 3.0 Dodging
 + Level 2.0 Stealth
 + Level 0.7 Unarmed Combat
 - Level 2.0 Summonings
 - Level 2.6 Ice Magic
 - Level 1.1 Evocations


You couldn't memorise any spells.
You knew the following spells:

 Your Spells              Type           Power      Damage    Failure   Level
a - Freeze                Ice            32%        1d5       9%          1

Your spell library contained the following spells:

 Spells                   Type           Power      Damage    Failure   Level
 Frozen Ramparts          Ice            16%        1d3       26%         3
 Ozocubu's Armour         Ice            8%         N/A       26%         3
 Hailstorm                Conj/Ice       4%         3d4       82%         4


Dungeon Overview and Level Annotations

Branches:
Dungeon (1/15)

Altars:


Innate Abilities, Weirdness & Mutations

You have sharp claws.
You have razor-sharp teeth.
You have supernaturally acute eyesight. (SInv)
You cover ground quickly. (Speed+)
You are covered in fur. (AC +1)
Your paws help you pounce on unaware monsters.
You are incapable of wielding weapons or throwing items.
You cannot wear armour.
You gain extra lives every three experience levels.


Message History

A goblin comes into view. It is wielding a +0 club.
The bat barely misses you.
Found a stone staircase leading down.
You scratch the bat. Your bite misses the bat.
The bat is moderately wounded.
The goblin shouts!
You hear a shout!
The bat misses you.
A hobgoblin comes into view.
You miss the bat. You bite the bat.
The bat is severely wounded.
The bat hits you.
You scratch the bat but do no damage.
The bat is severely wounded.
The bat barely misses you. The bat misses you.
You scratch the goblin.
The goblin is moderately wounded.
The goblin hits you with a +0 club. The bat hits you.
You scratch the bat but do no damage.
The bat is heavily wounded.
The bat closely misses you. The goblin hits you with a +0 club.
* * * LOW HITPOINT WARNING * * *
You are too injured to fight recklessly!
You are too injured to fight recklessly!
You are too injured to fight recklessly!
You are too injured to fight recklessly!
You are too injured to fight recklessly!
You are too injured to fight recklessly!
You are too injured to fight recklessly!
You are too injured to fight recklessly!
You are too injured to fight recklessly!
You are too injured to fight recklessly!
You are too injured to fight recklessly!
The bat hits you.
* * * LOW HITPOINT WARNING * * *
The bat hits you but does no damage. The bat barely misses you.
The bat misses you. The bat hits you.
You die...

#####g## #..# ##.#
#.#### #....# ####g#
### ######## #.#
#.###.'....# #b##
#...#+#....####.@##
#.....#'####..##..#
..#.......##...##.###
..#'##.....#........#
..#..####...........#
..#..####'#.........#
..#..##...##........#
..#.<##...##........#
..##########...#....#


You could see a goblin and a bat.

Vanquished Creatures
  A dart slug (D:1)
  A bat (D:1)
  A giant cockroach (D:1)
  A hobgoblin (D:1)
  A rat (D:1)
5 creatures vanquished.

Notes
Turn   | Place    | Note
-------+----------+-------------------------------------------
     0 | D:1      | Descartes the Felid Wanderer began the quest for the Orb.
     0 | D:1      | Descartes set off with the following items: a scroll of
                  | teleportation; and the following spell memorised: Freeze;
                  | and the following spells available to memorise: Frozen
                  | Ramparts, Ozocubu's Armour, Hailstorm
     0 | D:1      | Reached XP level 1. HP: 9/9 MP: 2/2
   274 | D:1      | Reached skill level 3 in Dodging
   360 | D:1      | Slain by a bat

Illustrated notes

Levels and vault maps discovered:
D:1:      dpeg_arrival_short_road, layout_rooms, amcnicky_mini_corridor_feature

Skill      XL: |  1 |
---------------+----+-----
Dodging        | 3 |  3.0
Stealth        | 2 |  2.0
Fighting       | |  1.0
Unarmed Combat | |  0.7
Summonings     | |  2.0
Ice Magic      | |  2.6
Evocations     | |  1.1

Action                   || total
-------------------------++-------
Melee: Unarmed           ||    19
       Bite              ||     3
 Stab: Sleeping          ||     1
Armor: Skin              ||     2
Dodge: Dodged            ||    18
